cohdb
Replays
Latest Replays
All Replays
Popular Replays
Top Player Replays
Match Explorer
How It Works
Community
CoH3 Stats
Reddit
Sign in to upload your games and track your stats! →
Sign in with Steam
Match 48533417
Unlisted
Match 48533417
Overview
Messages
Build Orders
End
Kradschützen Motorcycle Team
Selects Armored Support Battlegroup
Selects Armored Support Battlegroup
Panzergrenadier Squad
Panzergrenadier Squad
Panzerpioneer Squad
Construct Light Support Kompanie
Selects Superior Fire Drills
Panzerjäger Squad
Fire Support Elements
2.5-tonne Medical Truck
Selects Salvage Kits
Flakvierling Half-track
Vehicle Survival Package
Veteran Squad Leaders
Construct Panzerarmee Kommand
Selects Flammpanzer III Medium Tank
Panzer III L Medium Tank
Panzer III L Medium Tank
Selects Panzer Storm
Panzer Storm
Panzer III L Medium Tank
Panzer III L Medium Tank
Selects Stuka Dive Bomb
Selects Command Panzer IV F Medium Tank
Rapid Advance
Panzer III L Medium Tank
Tungsten Core Ammunition
Stuka Dive Bomb
Panzer III L Medium Tank
咚咚锵个腿
Polka_Pete
0
0
Comments
sign in to comment!
No comments posted yet!